Newfoundland Shamrocks vs Toronto St Pats
Created - Sunday, April 16, 2023 at 07:02
Goals
|
| Newfoundland Shamrocks |
1 |
2 |
1 |
4 |
| Toronto St Pats |
4 |
2 |
0 |
6 |
|
Shots
|
| Newfoundland Shamrocks |
14 |
7 |
9 |
30 |
| Toronto St Pats |
15 |
7 |
3 |
25 |
|
1st period
1. Toronto St Pats , Connor Dewar 3 (Jake Leschyshyn 3) at 2:45
2. Toronto St Pats , Jesse Puljujarvi 22 (Rudolfs Balcers 14, Quinton Byfield 15) at 3:02 (PP)
3. Toronto St Pats , Dylan Samberg 4 (Rudolfs Balcers 15, Jesse Puljujarvi 27) at 9:39 (PP)
4. Newfoundland Shamrocks , Denis Gurianov 10 (Jon Merrill 9, Dylan Coghlan 12) at 17:07
5. Toronto St Pats , Austin Watson 21 (Jesse Puljujarvi 28, Liam Foudy 11) at 18:18
Penalties :
Nicolas Deslauriers (NFS) for High sticking (Minor) at 2:54, Glenn Gawdin (TSP) for Hooking (Minor) at 3:54, Ville Heinola (NFS) for Hooking (Minor) at 9:25
2nd period
6. Newfoundland Shamrocks , Sam Poulin 7 (Semyon Der-Arguchintsev 10, Filip Hallander 4) at 2:27
7. Toronto St Pats , Rudolfs Balcers 17 (Liam Foudy 12) at 7:52 (PP)
8. Toronto St Pats , Brad Malone 6 (Glenn Gawdin 11, Rudolfs Balcers 16) at 11:25
9. Newfoundland Shamrocks , Raphael Lavoie 6 (Alex Chiasson 24, Max Comtois 15) at 18:25 (PP)
Penalties :
Sean Monahan (NFS) for High sticking (Minor) at 6:59, Ivan Lodnia (TSP) for Fighting (Major) at 12:21, Riley Barber (NFS) for Fighting (Major) at 12:21, Ivan Lodnia (TSP) for instigated a fight (Minor) at 12:21, Ivan Lodnia (TSP) for instigated a fight (10 Minutes Misconduct) at 12:21, Austin Watson (TSP) for Interference (Minor) at 16:46, Quinton Byfield (TSP) for Slashing (Minor) at 18:19
3rd period
10. Newfoundland Shamrocks , Tanner Laczynski 8 (Riley Barber 8, Dylan Coghlan 13) at 7:10
Penalties :
Tanner Laczynski (NFS) for Holding (Minor) at 0:43, Glenn Gawdin (TSP) for Attempt to injure (Major / Game Misconduct) at 8:17, Jacob Bernard-Docker (NFS) for Roughing (Minor) at 16:08, Lassi Thomson (TSP) for Holding (Minor) at 19:59
Goalie Stats
Dustin Tokarski (NFS), 9 saves from 11 shots - (0.818), L, 4-8-0, 41:42 minutes
Louis Domingue (NFS), 10 saves from 14 shots - (0.714), 18:18 minutes
Jakub Skarek (TSP), 26 saves from 30 shots - (0.867), W, 5-4-2, 60:00 minutes
Players Stats for Newfoundland Shamrocks
Player Name G A P +/- PIM S H SB GA TA FO MP PP MP PK MP
------------------------------------------------------------------------------------
Alec Regula 0 0 0 -1 0 1 3 0 0 1 0/0 15:56 0:00 2:39
Alex Chiasson 0 1 1 1 0 5 3 0 1 0 1/2 22:00 6:03 0:57
Denis Gurianov 1 0 1 1 0 4 2 0 0 0 2/3 19:48 4:56 0:00
Drew O'Connor 0 0 0 -1 0 1 0 0 0 0 0/0 12:43 0:39 2:59
Dylan Coghlan 0 2 2 0 0 0 2 1 0 0 0/0 21:01 0:39 2:34
Filip Hallander 0 1 1 1 0 2 2 0 0 0 0/0 8:23 0:12 1:26
Jacob Bernard-Docker 0 0 0 1 2 0 0 0 0 0 0/0 17:29 7:07 0:00
Jon Merrill 0 1 1 0 0 2 0 5 0 0 0/0 22:05 0:42 2:34
Max Comtois 0 1 1 -1 0 2 2 0 0 0 0/2 18:50 6:13 0:00
Nicolas Deslauriers 0 0 0 -1 2 1 2 0 1 0 0/3 18:18 4:45 1:36
Raphael Lavoie 1 0 1 -1 0 1 1 1 0 0 6/14 18:46 6:03 0:21
Riley Barber 0 1 1 -1 5 0 1 0 0 0 0/0 11:06 3:47 0:00
Sam Poulin 1 0 1 1 0 1 0 0 1 1 1/1 14:02 7:10 0:00
Sean Monahan 0 0 0 1 2 4 2 1 2 0 19/24 19:39 2:07 2:14
Semyon Der-Arguchintsev 0 1 1 1 0 2 0 0 0 0 2/5 11:40 5:00 0:00
Tanner Laczynski 1 0 1 -1 2 3 3 1 0 0 2/3 11:29 1:40 0:53
Ville Heinola 0 0 0 -1 2 1 1 0 0 1 0/0 18:39 4:43 0:00
Wyatte Wylie 0 0 0 1 0 0 0 0 0 1 0/0 12:47 0:39 2:39
Players Stats for Toronto St Pats
Player Name G A P +/- PIM S H SB GA TA FO MP PP MP PK MP
------------------------------------------------------------------------------------
Antonio Stranges 0 0 0 -1 0 0 0 0 0 0 0/0 6:53 0:00 0:45
Austin Watson 1 0 1 1 2 3 3 0 0 1 3/3 21:21 2:14 5:13
Brad Malone 1 0 1 1 0 1 0 0 0 0 1/3 16:48 0:39 3:57
Connor Dewar 1 0 1 -1 0 2 0 0 0 0 0/0 10:19 0:33 0:00
Dylan Samberg 1 0 1 0 0 1 1 2 0 0 0/0 27:39 2:58 7:05
Glenn Gawdin 0 1 1 1 17 1 2 0 0 0 6/11 12:22 1:24 1:02
Ivan Lodnia 0 0 0 -1 17 1 1 0 1 0 0/0 5:20 0:04 0:00
Jake Leschyshyn 0 1 1 -1 0 2 0 2 0 1 7/15 16:05 0:00 6:17
Jesse Puljujarvi 1 2 3 1 0 5 1 0 1 0 0/0 18:18 2:53 0:01
Lassi Thomson 0 0 0 0 2 0 1 1 0 0 0/0 27:38 2:58 7:05
Liam Foudy 0 2 2 -1 0 0 0 1 0 0 0/2 16:22 2:16 2:37
Lucas Carlsson 0 0 0 1 0 0 1 1 0 2 0/0 15:33 2:15 4:52
Luke Henman 0 0 0 -1 0 0 0 1 0 0 2/2 7:07 0:00 0:00
Nikita Okhotyuk 0 0 0 1 0 0 0 0 0 1 0/0 9:40 0:00 0:32
Pierre-Olivier Joseph 0 0 0 -1 0 1 1 1 0 0 0/0 20:59 0:00 4:52
Quinton Byfield 0 1 1 1 2 2 1 1 0 0 5/21 18:01 2:48 0:45
Rudolfs Balcers 1 3 4 1 0 6 2 0 1 0 0/0 18:25 2:48 4:15
Scott Perunovich 0 0 0 -1 0 0 0 0 1 0 0/0 18:30 2:15 0:32
3 Stars
1 - Rudolfs Balcers (TSP)
2 - Jesse Puljujarvi (TSP)
3 - Brad Malone (TSP)
Power Play
Newfoundland Shamrocks - 1 on 6 Attempt(s) - 16.67%
Toronto St Pats - 3 on 5 Attempt(s) - 60.00%
Penalty Kill
Newfoundland Shamrocks - 2 on 5 Attempt(s) - 40.00%
- Score 0 goal in Penalty Kill
Toronto St Pats - 5 on 6 Attempt(s) - 83.33%
- Score 0 goal in Penalty Kill
Team Stat
Newfoundland Shamrocks - Hits : 24 - Faceoff Wins : 33 - Blocked Shots : 9 - Penalty Minutes : 15
Toronto St Pats - Hits : 14 - Faceoff Wins : 24 - Blocked Shots : 10 - Penalty Minutes : 40
Official
Referees : Tom Kowal and Dean Morton
Linesman : John Grandt and David Brisebois
Game Notes
Dustin Tokarski enters game at 18:18 of 1st period
11:25 of 2nd period - Toronto St Pats goal is going for a video replay. After video review, Goal.
Ivan Lodnia beats up Riley Barber at 12:21 of 2nd period
Glenn Gawdin ejected from game at 8:17 of 3rd period
Newfoundland Shamrocks
5 vs 5 Forward
Center Left Wing Right Wing Time % Phy DF OF
1 Sean Monahan Denis Gurianov Alex Chiasson 40 1 2 2
2 Raphael Lavoie Max Comtois Nicolas Deslauriers 30 1 2 2
3 Tanner Laczynski Drew O'Connor Riley Barber 20 1 2 2
4 Semyon Der-Arguchintsev Filip Hallander Sam Poulin 10 1 2 2
5 vs 5 Defense
Defense Defense Time % Phy DF OF
1 Jon Merrill Dylan Coghlan 40 1 2 2
2 Alec Regula Ville Heinola 30 1 2 2
3 Jacob Bernard-Docker Wyatte Wylie 20 1 2 2
4 Jon Merrill Dylan Coghlan 10 1 2 2
PowerPlay Forward
Center Left Wing Right Wing Time % Phy DF OF
1 Raphael Lavoie Max Comtois Alex Chiasson 60 1 2 2
2 Semyon Der-Arguchintsev Denis Gurianov Riley Barber 40 1 2 2
PowerPlay Defense
Defense Defense Time % Phy DF OF
1 Sam Poulin Jacob Bernard-Docker 60 1 2 2
2 Nicolas Deslauriers Ville Heinola 40 1 2 2
Penalty Kill 4 Players Forward
Center Wing Time % Phy DF OF
1 Sean Monahan Drew O'Connor 60 1 2 2
2 Tanner Laczynski Filip Hallander 40 1 2 2
Penalty Kill 4 Players Defense
Defense Defense Time % Phy DF OF
1 Jon Merrill Dylan Coghlan 60 1 2 2
2 Wyatte Wylie Alec Regula 40 1 2 2
Penalty Kill - 3 Players Forward
Forward Time % Phy DF OF
1 Sean Monahan 60 1 2 2
2 Tanner Laczynski 40 1 2 2
Penalty Kill - 3 Players Defense
Defense Defense Time % Phy DF OF
1 Jon Merrill Dylan Coghlan 60 1 2 2
2 Alec Regula Wyatte Wylie 40 1 2 2
4 vs 4 Forward
Center Wing Time % Phy DF OF
1 Sean Monahan Alex Chiasson 60 1 2 2
2 Semyon Der-Arguchintsev Denis Gurianov 40 1 2 2
4 vs 4 Defense
Defense Defense Time % Phy DF OF
1 Jon Merrill Dylan Coghlan 60 1 2 2
2 Alec Regula Ville Heinola 40 1 2 2
Last Minutes Offensive
Center Left Wing Right Wing Defense Defense
Raphael Lavoie Max Comtois Sam Poulin Jon Merrill Alec Regula
Last Minutes Defensive
Center Left Wing Right Wing Defense Defense
Tanner Laczynski Alex Chiasson Nicolas Deslauriers Jon Merrill Alec Regula
Goaltenders
Starting : Louis Domingue
Backup : Dustin Tokarski
Extra Forwards
Normal : Max Comtois, Sean Monahan, Denis Gurianov - PP : Sean Monahan, Tanner Laczynski - PK : Nicolas Deslauriers
Extra Defensemen
Normal : Alec Regula, Jon Merrill, Dylan Coghlan - PP : Wyatte Wylie - PK : Ville Heinola, Jacob Bernard-Docker
Penalty Shots
Alex Chiasson, Max Comtois, Nicolas Deslauriers, Riley Barber, Filip Hallander
Toronto St Pats
5 vs 5 Forward
Center Left Wing Right Wing Time % Phy DF OF
1 Quinton Byfield Austin Watson Jesse Puljujarvi 40 1 2 2
2 Glenn Gawdin Brad Malone Rudolfs Balcers 30 1 2 2
3 Jake Leschyshyn Connor Dewar Liam Foudy 20 1 2 2
4 Luke Henman Antonio Stranges Ivan Lodnia 10 1 2 2
5 vs 5 Defense
Defense Defense Time % Phy DF OF
1 Dylan Samberg Lassi Thomson 40 1 2 2
2 Pierre-Olivier Joseph Scott Perunovich 30 1 2 2
3 Lucas Carlsson Nikita Okhotyuk 20 1 2 2
4 Pierre-Olivier Joseph Scott Perunovich 10 1 2 2
PowerPlay Forward
Center Left Wing Right Wing Time % Phy DF OF
1 Quinton Byfield Rudolfs Balcers Jesse Puljujarvi 60 1 2 2
2 Glenn Gawdin Austin Watson Liam Foudy 40 1 2 2
PowerPlay Defense
Defense Defense Time % Phy DF OF
1 Dylan Samberg Lassi Thomson 60 1 2 2
2 Scott Perunovich Lucas Carlsson 40 1 2 2
Penalty Kill 4 Players Forward
Center Wing Time % Phy DF OF
1 Jake Leschyshyn Austin Watson 60 1 2 2
2 Glenn Gawdin Rudolfs Balcers 40 1 2 2
Penalty Kill 4 Players Defense
Defense Defense Time % Phy DF OF
1 Dylan Samberg Lassi Thomson 60 1 2 2
2 Lucas Carlsson Pierre-Olivier Joseph 40 1 2 2
Penalty Kill - 3 Players Forward
Forward Time % Phy DF OF
1 Jake Leschyshyn 60 1 2 2
2 Glenn Gawdin 40 1 2 2
Penalty Kill - 3 Players Defense
Defense Defense Time % Phy DF OF
1 Dylan Samberg Lassi Thomson 60 1 2 2
2 Lucas Carlsson Pierre-Olivier Joseph 40 1 2 2
4 vs 4 Forward
Center Wing Time % Phy DF OF
1 Jake Leschyshyn Liam Foudy 60 1 2 2
2 Glenn Gawdin Rudolfs Balcers 40 1 2 2
4 vs 4 Defense
Defense Defense Time % Phy DF OF
1 Pierre-Olivier Joseph Scott Perunovich 60 1 2 2
2 Lucas Carlsson Nikita Okhotyuk 40 1 2 2
Last Minutes Offensive
Center Left Wing Right Wing Defense Defense
Quinton Byfield Rudolfs Balcers Jesse Puljujarvi Dylan Samberg Lassi Thomson
Last Minutes Defensive
Center Left Wing Right Wing Defense Defense
Glenn Gawdin Austin Watson Rudolfs Balcers Dylan Samberg Lassi Thomson
Goaltenders
Starting : Jakub Skarek
Backup : Jonathan Bernier
Extra Forwards
Normal : Liam Foudy, Ivan Lodnia, Luke Henman - PP : Brad Malone, Connor Dewar - PK : Brad Malone
Extra Defensemen
Normal : Lucas Carlsson, Nikita Okhotyuk, Scott Perunovich - PP : Pierre-Olivier Joseph - PK : Scott Perunovich, Nikita Okhotyuk
Penalty Shots
Quinton Byfield, Glenn Gawdin, Liam Foudy, Austin Watson, Pierre-Olivier Joseph
% Time on Ice - Newfoundland Shamrocks
Lines # - Real PCT - Wanted PCT - Time Play
Normal Forward
1 - 36% - 40% - 15:04
2 - 29% - 30% - 12:05
3 - 20% - 20% - 8:29
4 - 16% - 10% - 6:40
Normal Defense
1 - 40% - 40% - 17:02
2 - 33% - 30% - 14:08
3 - 22% - 20% - 9:18
4 - 4% - 10% - 1:50
PP Forward
1 - 58% - 60% - 7:12
2 - 42% - 40% - 5:17
PP Defense
1 - 62% - 60% - 7:46
2 - 38% - 40% - 4:43
PK Forward
1 - 75% - 60% - 3:56
2 - 25% - 40% - 1:17
PK Defense
1 - 49% - 60% - 2:34
2 - 51% - 40% - 2:39
PK3 Forward
1 - 0% - 60%
2 - 0% - 40%
PK3 Defense
1 - 0% - 60%
2 - 0% - 40%
44 Forward
1 - 0% - 60%
2 - 0% - 40%
44 Defense
1 - 0% - 60%
2 - 0% - 40%
Last Minute Offensive - 0:00
Last Minute Defensive - 0:00
Total
Forward - 60:00
Defense - 60:00
|
% Time on Ice - Toronto St Pats
Lines # - Real PCT - Wanted PCT - Time Play
Normal Forward
1 - 35% - 40% - 14:45
2 - 28% - 30% - 11:39
3 - 23% - 20% - 9:46
4 - 14% - 10% - 6:08
Normal Defense
1 - 42% - 40% - 17:36
2 - 32% - 30% - 13:41
3 - 19% - 20% - 8:11
4 - 7% - 10% - 2:50
PP Forward
1 - 54% - 60% - 2:48
2 - 46% - 40% - 2:25
PP Defense
1 - 57% - 60% - 2:58
2 - 43% - 40% - 2:15
PK Forward
1 - 72% - 60% - 8:54
2 - 28% - 40% - 3:29
PK Defense
1 - 57% - 60% - 7:05
2 - 43% - 40% - 5:18
PK3 Forward
1 - 100% - 60% - 0:06
2 - 0% - 40% - 0:00
PK3 Defense
1 - 0% - 60% - 0:00
2 - 100% - 40% - 0:06
44 Forward
1 - 0% - 60%
2 - 0% - 40%
44 Defense
1 - 0% - 60%
2 - 0% - 40%
Last Minute Offensive - 0:00
Last Minute Defensive - 0:00
Total
Forward - 60:00
Defense - 60:00
|
Play-by-Play
1st period
0:01 of 1st period - Sean Monahan wins face-off versus Quinton Byfield in neutral zone.
0:26 of 1st period - Jon Merrill is hit by Glenn Gawdin and loses puck.
0:35 of 1st period - Brad Malone is hit by Alec Regula and loses puck.
1:12 of 1st period - Slapshot by Pierre-Olivier Joseph.
1:12 of 1st period - Stopped by Louis Domingue with a rebound.
1:14 of 1st period - Slapshot by Pierre-Olivier Joseph.
1:14 of 1st period - Shot Misses the Net.
1:16 of 1st period - Snap shot by Ivan Lodnia.
1:16 of 1st period - Stopped by Louis Domingue with a rebound.
1:33 of 1st period - Off-side.
1:34 of 1st period - Sean Monahan wins face-off versus Quinton Byfield in neutral zone.
2:05 of 1st period - Wrist shot by Quinton Byfield.
2:05 of 1st period - Shot Misses the Net.
2:07 of 1st period - Snap shot by Austin Watson.
2:07 of 1st period - Stopped by Louis Domingue without a rebound.
2:08 of 1st period - Raphael Lavoie wins face-off versus Glenn Gawdin in Newfoundland Shamrocks zone.
2:08 of 1st period - Raphael Lavoie is hit by Rudolfs Balcers.
2:45 of 1st period - Snap shot by Connor Dewar.
2:45 of 1st period - Goal by Connor Dewar - Newfoundland Shamrocks : 0 - Toronto St Pats : 1.
2:46 of 1st period - Glenn Gawdin wins face-off versus Raphael Lavoie in neutral zone.
2:54 of 1st period - Minor Penalty to Nicolas Deslauriers for High sticking.
2:55 of 1st period - Quinton Byfield wins face-off versus Sean Monahan in Newfoundland Shamrocks zone.
3:00 of 1st period - Slapshot by Jesse Puljujarvi.
3:00 of 1st period - Shot Blocked by Sean Monahan.
3:02 of 1st period - Wrist shot by Jesse Puljujarvi.
3:02 of 1st period - Goal by Jesse Puljujarvi - Newfoundland Shamrocks : 0 - Toronto St Pats : 2.
3:03 of 1st period - Sean Monahan wins face-off versus Quinton Byfield in neutral zone.
3:03 of 1st period - Sean Monahan is hit by Austin Watson.
3:09 of 1st period - Wrist shot by Jesse Puljujarvi.
3:09 of 1st period - Stopped by Louis Domingue without a rebound.
3:10 of 1st period - Sean Monahan wins face-off versus Quinton Byfield in Newfoundland Shamrocks zone.
3:37 of 1st period - Wrist shot by Glenn Gawdin.
3:37 of 1st period - Deflect By Rudolfs Balcers.
3:37 of 1st period - Stopped by Louis Domingue without a rebound.
3:38 of 1st period - Glenn Gawdin wins face-off versus Raphael Lavoie in Newfoundland Shamrocks zone.
3:54 of 1st period - Minor Penalty to Glenn Gawdin for Hooking.
3:55 of 1st period - Jake Leschyshyn wins face-off versus Raphael Lavoie in Toronto St Pats zone.
4:04 of 1st period - Off-side.
4:05 of 1st period - Raphael Lavoie wins face-off versus Jake Leschyshyn in neutral zone.
4:28 of 1st period - Slapshot by Alex Chiasson.
4:28 of 1st period - Shot Misses the Net.
4:32 of 1st period - Wrist shot by Alex Chiasson.
4:32 of 1st period - Shot Misses the Net.
4:46 of 1st period - Snap shot by Max Comtois.
4:46 of 1st period - Shot Misses the Net.
4:48 of 1st period - Slapshot by Sam Poulin.
4:48 of 1st period - Deflect By Max Comtois.
4:48 of 1st period - Shot Hit the Post.
4:48 of 1st period - Puck is out of play.
4:49 of 1st period - Semyon Der-Arguchintsev wins face-off versus Brad Malone in Toronto St Pats zone.
5:54 of 1st period - Penalty to Glenn Gawdin is over, Glenn Gawdin is back on ice.
6:53 of 1st period - Off-side.
6:54 of 1st period - Semyon Der-Arguchintsev wins face-off versus Glenn Gawdin in neutral zone.
6:56 of 1st period - Off-side.
6:57 of 1st period - Glenn Gawdin wins face-off versus Semyon Der-Arguchintsev in neutral zone.
7:45 of 1st period - Off-side.
7:46 of 1st period - Sean Monahan wins face-off versus Jake Leschyshyn in neutral zone.
7:56 of 1st period - Icing by Scott Perunovich.
7:57 of 1st period - Sean Monahan wins face-off versus Liam Foudy in Toronto St Pats zone.
8:00 of 1st period - Snap shot by Alex Chiasson.
8:00 of 1st period - Shot Blocked by Jake Leschyshyn.
8:02 of 1st period - Snap shot by Sean Monahan.
8:02 of 1st period - Shot Misses the Net.
8:04 of 1st period - Wrist shot by Denis Gurianov.
8:04 of 1st period - Stopped by Jakub Skarek with a rebound.
8:06 of 1st period - Wrist shot by Sean Monahan.
8:06 of 1st period - Stopped by Jakub Skarek with a rebound.
8:08 of 1st period - Snap shot by Denis Gurianov.
8:08 of 1st period - Deflect By Alex Chiasson.
8:08 of 1st period - Stopped by Jakub Skarek with a rebound.
8:10 of 1st period - Wrist shot by Alex Chiasson.
8:10 of 1st period - Stopped by Jakub Skarek with a rebound.
8:12 of 1st period - Snap shot by Ville Heinola.
8:12 of 1st period - Shot Blocked by Jake Leschyshyn.
8:26 of 1st period - Snap shot by Nicolas Deslauriers.
8:26 of 1st period - Stopped by Jakub Skarek with a rebound.
8:28 of 1st period - Slapshot by Jon Merrill.
8:28 of 1st period - Deflect By Max Comtois.
8:28 of 1st period - Shot Blocked by Quinton Byfield.
8:28 of 1st period - Puck is out of play.
8:29 of 1st period - Quinton Byfield wins face-off versus Denis Gurianov in Toronto St Pats zone.
8:54 of 1st period - Jon Merrill is hit by Rudolfs Balcers and loses puck.
9:01 of 1st period - Slapshot by Dylan Coghlan.
9:01 of 1st period - Shot Misses the Net.
9:03 of 1st period - Snap shot by Raphael Lavoie.
9:03 of 1st period - Deflect By Rudolfs Balcers.
9:03 of 1st period - Shot Misses the Net.
9:03 of 1st period - Puck is out of play.
9:04 of 1st period - Sean Monahan wins face-off versus Jake Leschyshyn in Toronto St Pats zone.
9:13 of 1st period - Wrist shot by Alex Chiasson.
9:13 of 1st period - Stopped by Jakub Skarek with a rebound.
9:25 of 1st period - Minor Penalty to Ville Heinola for Hooking.
9:26 of 1st period - Sean Monahan wins face-off versus Quinton Byfield in Newfoundland Shamrocks zone.
9:35 of 1st period - Wrist shot by Rudolfs Balcers.
9:35 of 1st period - Stopped by Louis Domingue with a rebound.
9:37 of 1st period - Slapshot by Rudolfs Balcers.
9:37 of 1st period - Stopped by Louis Domingue with a rebound.
9:39 of 1st period - Slapshot by Dylan Samberg.
9:39 of 1st period - Goal by Dylan Samberg - Newfoundland Shamrocks : 0 - Toronto St Pats : 3.
9:40 of 1st period - Tanner Laczynski wins face-off versus Quinton Byfield in neutral zone.
9:47 of 1st period - Jon Merrill is hit by Jesse Puljujarvi and loses puck.
10:42 of 1st period - Snap shot by Jake Leschyshyn.
10:42 of 1st period - Stopped by Louis Domingue with a rebound.
11:04 of 1st period - Wrist shot by Semyon Der-Arguchintsev.
11:04 of 1st period - Shot Misses the Net.
11:40 of 1st period - Wrist shot by Denis Gurianov.
11:40 of 1st period - Shot Misses the Net.
11:42 of 1st period - Slapshot by Jon Merrill.
11:42 of 1st period - Shot Misses the Net.
11:44 of 1st period - Slapshot by Alec Regula.
11:44 of 1st period - Stopped by Jakub Skarek with a rebound.
11:56 of 1st period - Brad Malone is hit by Nicolas Deslauriers.
12:16 of 1st period - Backhand shot by Liam Foudy.
12:16 of 1st period - Shot Misses the Net.
12:18 of 1st period - Wrist shot by Jake Leschyshyn.
12:18 of 1st period - Stopped by Louis Domingue with a rebound.
12:20 of 1st period - Slapshot by Jake Leschyshyn.
12:20 of 1st period - Shot Blocked by Jon Merrill.
13:10 of 1st period - Off-side.
13:11 of 1st period - Quinton Byfield wins face-off versus Raphael Lavoie in neutral zone.
13:38 of 1st period - Austin Watson is hit by Tanner Laczynski and loses puck.
14:23 of 1st period - Snap shot by Jesse Puljujarvi.
14:23 of 1st period - Stopped by Louis Domingue without a rebound.
14:24 of 1st period - Glenn Gawdin wins face-off versus Raphael Lavoie in Newfoundland Shamrocks zone.
14:37 of 1st period - Snap shot by Glenn Gawdin.
14:37 of 1st period - Shot Blocked by Jon Merrill.
14:51 of 1st period - Nikita Okhotyuk is hit by Dylan Coghlan and loses puck.
15:02 of 1st period - Snap shot by Semyon Der-Arguchintsev.
15:02 of 1st period - Stopped by Jakub Skarek with a rebound.
15:04 of 1st period - Slapshot by Jon Merrill.
15:04 of 1st period - Stopped by Jakub Skarek with a rebound.
15:18 of 1st period - Alex Chiasson is hit by Ivan Lodnia.
15:22 of 1st period - Backhand shot by Alex Chiasson.
15:22 of 1st period - Stopped by Jakub Skarek with a rebound.
15:24 of 1st period - Backhand shot by Sean Monahan.
15:24 of 1st period - Shot Blocked by Luke Henman.
16:53 of 1st period - Icing by Dylan Samberg.
16:54 of 1st period - Sean Monahan wins face-off versus Jake Leschyshyn in Toronto St Pats zone.
17:01 of 1st period - Snap shot by Alex Chiasson.
17:01 of 1st period - Shot Misses the Net.
17:03 of 1st period - Slapshot by Dylan Coghlan.
17:03 of 1st period - Shot Blocked by Dylan Samberg.
17:05 of 1st period - Slapshot by Jon Merrill.
17:05 of 1st period - Shot Blocked by Liam Foudy.
17:07 of 1st period - Slapshot by Denis Gurianov.
17:07 of 1st period - Goal by Denis Gurianov - Newfoundland Shamrocks : 1 - Toronto St Pats : 3.
17:08 of 1st period - Denis Gurianov wins face-off versus Quinton Byfield in neutral zone.
18:18 of 1st period - Wrist shot by Austin Watson.
18:18 of 1st period - Goal by Austin Watson - Newfoundland Shamrocks : 1 - Toronto St Pats : 4.
18:18 of 1st period - Dustin Tokarski enters game.
18:19 of 1st period - Sean Monahan wins face-off versus Quinton Byfield in neutral zone.
18:22 of 1st period - Snap shot by Sean Monahan.
18:22 of 1st period - Deflect By Denis Gurianov.
18:22 of 1st period - Stopped by Jakub Skarek with a rebound.
18:34 of 1st period - Slapshot by Sean Monahan.
18:34 of 1st period - Stopped by Jakub Skarek without a rebound.
18:35 of 1st period - Tanner Laczynski wins face-off versus Glenn Gawdin in Toronto St Pats zone.
18:50 of 1st period - Snap shot by Drew O'Connor.
18:50 of 1st period - Stopped by Jakub Skarek without a rebound.
18:51 of 1st period - Quinton Byfield wins face-off versus Sean Monahan in Toronto St Pats zone.
18:51 of 1st period - Quinton Byfield is hit by Alex Chiasson.
18:59 of 1st period - Denis Gurianov is hit by Austin Watson and loses puck.
19:23 of 1st period - Wrist shot by Rudolfs Balcers.
19:23 of 1st period - Stopped by Dustin Tokarski with a rebound.
19:25 of 1st period - Snap shot by Brad Malone.
19:25 of 1st period - Shot Misses the Net.
19:27 of 1st period - Snap shot by Brad Malone.
19:27 of 1st period - Shot Misses the Net.
19:41 of 1st period - Dylan Samberg is hit by Riley Barber and loses puck.
Goals for this period are 1 for Newfoundland Shamrocks vs 4 for Toronto St Pats.
Shots for this period are 14 for Newfoundland Shamrocks vs 15 for Toronto St Pats.
2nd period
0:01 of 2nd period - Sean Monahan wins face-off versus Quinton Byfield in neutral zone.
0:04 of 2nd period - Lassi Thomson is hit by Sean Monahan.
0:30 of 2nd period - Snap shot by Nicolas Deslauriers.
0:30 of 2nd period - Shot Misses the Net.
1:12 of 2nd period - Snap shot by Quinton Byfield.
1:12 of 2nd period - Shot Misses the Net.
1:14 of 2nd period - Wrist shot by Austin Watson.
1:14 of 2nd period - Stopped by Dustin Tokarski without a rebound.
1:15 of 2nd period - Sean Monahan wins face-off versus Glenn Gawdin in Newfoundland Shamrocks zone.
1:28 of 2nd period - Snap shot by Denis Gurianov.
1:28 of 2nd period - Deflect By Alex Chiasson.
1:28 of 2nd period - Stopped by Jakub Skarek with a rebound.
2:21 of 2nd period - Snap shot by Filip Hallander.
2:21 of 2nd period - Shot Misses the Net.
2:25 of 2nd period - Snap shot by Semyon Der-Arguchintsev.
2:25 of 2nd period - Stopped by Jakub Skarek with a rebound.
2:27 of 2nd period - Slapshot by Sam Poulin.
2:27 of 2nd period - Goal by Sam Poulin - Newfoundland Shamrocks : 2 - Toronto St Pats : 4.
2:28 of 2nd period - Sean Monahan wins face-off versus Quinton Byfield in neutral zone.
2:36 of 2nd period - Dylan Samberg is hit by Alex Chiasson and loses puck.
3:22 of 2nd period - Slapshot by Liam Foudy.
3:22 of 2nd period - Deflect By Jake Leschyshyn.
3:22 of 2nd period - Shot Blocked by Jon Merrill.
3:22 of 2nd period - Puck is out of play.
3:23 of 2nd period - Sam Poulin wins face-off versus Quinton Byfield in Newfoundland Shamrocks zone.
4:22 of 2nd period - Slapshot by Jesse Puljujarvi.
4:22 of 2nd period - Stopped by Dustin Tokarski without a rebound.
4:23 of 2nd period - Sean Monahan wins face-off versus Brad Malone in Newfoundland Shamrocks zone.
4:55 of 2nd period - Snap shot by Tanner Laczynski.
4:55 of 2nd period - Stopped by Jakub Skarek with a rebound.
4:59 of 2nd period - Slapshot by Riley Barber.
4:59 of 2nd period - Shot Misses the Net.
5:08 of 2nd period - Icing by Lucas Carlsson.
5:09 of 2nd period - Raphael Lavoie wins face-off versus Jake Leschyshyn in Toronto St Pats zone.
5:12 of 2nd period - Snap shot by Nicolas Deslauriers.
5:12 of 2nd period - Shot Misses the Net.
5:19 of 2nd period - Off-side.
5:20 of 2nd period - Denis Gurianov wins face-off versus Quinton Byfield in neutral zone.
6:59 of 2nd period - Minor Penalty to Sean Monahan for High sticking.
7:00 of 2nd period - Quinton Byfield wins face-off versus Nicolas Deslauriers in Newfoundland Shamrocks zone.
7:06 of 2nd period - Wrist shot by Quinton Byfield.
7:06 of 2nd period - Stopped by Dustin Tokarski with a rebound.
7:17 of 2nd period - Off-side.
7:18 of 2nd period - Glenn Gawdin wins face-off versus Nicolas Deslauriers in neutral zone.
7:50 of 2nd period - Wrist shot by Rudolfs Balcers.
7:50 of 2nd period - Shot Blocked by Tanner Laczynski.
7:52 of 2nd period - Wrist shot by Rudolfs Balcers.
7:52 of 2nd period - Goal by Rudolfs Balcers - Newfoundland Shamrocks : 2 - Toronto St Pats : 5.
7:53 of 2nd period - Austin Watson wins face-off versus Sean Monahan in neutral zone.
8:20 of 2nd period - Raphael Lavoie is hit by Lassi Thomson and loses puck.
8:43 of 2nd period - Snap shot by Riley Barber.
8:43 of 2nd period - Deflect By Liam Foudy.
8:43 of 2nd period - Shot Blocked by Dylan Samberg.
8:43 of 2nd period - Puck is out of play.
8:44 of 2nd period - Sean Monahan wins face-off versus Jake Leschyshyn in Toronto St Pats zone.
9:03 of 2nd period - Connor Dewar is hit by Denis Gurianov and loses puck.
9:10 of 2nd period - Pierre-Olivier Joseph is hit by Denis Gurianov and loses puck.
9:33 of 2nd period - Slapshot by Sean Monahan.
9:33 of 2nd period - Stopped by Jakub Skarek without a rebound.
9:34 of 2nd period - Raphael Lavoie wins face-off versus Quinton Byfield in Toronto St Pats zone.
9:47 of 2nd period - Wrist shot by Max Comtois.
9:47 of 2nd period - Shot Misses the Net.
9:49 of 2nd period - Snap shot by Nicolas Deslauriers.
9:49 of 2nd period - Shot Misses the Net.
10:03 of 2nd period - Snap shot by Filip Hallander.
10:03 of 2nd period - Stopped by Jakub Skarek with a rebound.
10:21 of 2nd period - Austin Watson is hit by Tanner Laczynski and loses puck.
10:51 of 2nd period - Off-side.
10:52 of 2nd period - Sean Monahan wins face-off versus Glenn Gawdin in neutral zone.
10:55 of 2nd period - Snap shot by Alex Chiasson.
10:55 of 2nd period - Shot Misses the Net.
11:21 of 2nd period - Wrist shot by Rudolfs Balcers.
11:21 of 2nd period - Stopped by Dustin Tokarski with a rebound.
11:23 of 2nd period - Snap shot by Glenn Gawdin.
11:23 of 2nd period - Shot Misses the Net.
11:25 of 2nd period - Snap shot by Brad Malone.
11:25 of 2nd period - Toronto St Pats goal is going for a video replay.
11:25 of 2nd period - The goal is good.
11:25 of 2nd period - Goal by Brad Malone - Newfoundland Shamrocks : 2 - Toronto St Pats : 6.
11:26 of 2nd period - Jake Leschyshyn wins face-off versus Sean Monahan in neutral zone.
11:31 of 2nd period - Slapshot by Connor Dewar.
11:31 of 2nd period - Stopped by Dustin Tokarski with a rebound.
11:53 of 2nd period - Max Comtois is hit by Glenn Gawdin.
12:12 of 2nd period - Off-side.
12:13 of 2nd period - Luke Henman wins face-off versus Tanner Laczynski in neutral zone.
12:21 of 2nd period - Ivan Lodnia beats up Riley Barber.
12:21 of 2nd period - Penalty to Ivan Lodnia for Fighting.
12:21 of 2nd period - Penalty to Riley Barber for Fighting.
12:21 of 2nd period - Penalty to Ivan Lodnia for instigated a fight.
12:21 of 2nd period - Penalty to Ivan Lodnia for instigated a fight.
12:22 of 2nd period - Jake Leschyshyn wins face-off versus Raphael Lavoie in Newfoundland Shamrocks zone.
12:27 of 2nd period - Snap shot by Lassi Thomson.
12:27 of 2nd period - Shot Blocked by Raphael Lavoie.
14:21 of 2nd period - Penalty to Ivan Lodnia is over, Brad Malone is send on ice.
14:41 of 2nd period - Liam Foudy is hit by Tanner Laczynski and loses puck.
14:52 of 2nd period - Lucas Carlsson is hit by Dylan Coghlan.
16:20 of 2nd period - Raphael Lavoie is hit by Dylan Samberg and loses puck.
16:46 of 2nd period - Minor Penalty to Austin Watson for Interference.
16:47 of 2nd period - Jake Leschyshyn wins face-off versus Semyon Der-Arguchintsev in Toronto St Pats zone.
16:57 of 2nd period - Snap shot by Denis Gurianov.
16:57 of 2nd period - Shot Misses the Net.
17:21 of 2nd period - Penalty to Ivan Lodnia is over, Jesse Puljujarvi is send on ice.
18:19 of 2nd period - Minor Penalty to Quinton Byfield for Slashing.
18:20 of 2nd period - Alex Chiasson wins face-off versus Jake Leschyshyn in Toronto St Pats zone.
18:23 of 2nd period - Wrist shot by Alex Chiasson.
18:23 of 2nd period - Shot Blocked by Lucas Carlsson.
18:25 of 2nd period - Snap shot by Raphael Lavoie.
18:25 of 2nd period - Goal by Raphael Lavoie - Newfoundland Shamrocks : 3 - Toronto St Pats : 6.
18:26 of 2nd period - Jake Leschyshyn wins face-off versus Raphael Lavoie in neutral zone.
19:50 of 2nd period - Pierre-Olivier Joseph is hit by Max Comtois and loses puck.
Goals for this period are 2 for Newfoundland Shamrocks vs 2 for Toronto St Pats.
Shots for this period are 7 for Newfoundland Shamrocks vs 7 for Toronto St Pats.
3rd period
0:01 of 3rd period - Raphael Lavoie wins face-off versus Jake Leschyshyn in neutral zone.
0:19 of 3rd period - Penalty to Quinton Byfield is over, Quinton Byfield is back on ice.
0:43 of 3rd period - Minor Penalty to Tanner Laczynski for Holding.
0:44 of 3rd period - Sean Monahan wins face-off versus Quinton Byfield in Newfoundland Shamrocks zone.
0:55 of 3rd period - Slapshot by Lassi Thomson.
0:55 of 3rd period - Shot Blocked by Jon Merrill.
0:57 of 3rd period - Wrist shot by Quinton Byfield.
0:57 of 3rd period - Stopped by Dustin Tokarski with a rebound.
0:59 of 3rd period - Slapshot by Lassi Thomson.
0:59 of 3rd period - Shot Blocked by Jon Merrill.
1:19 of 3rd period - Wrist shot by Glenn Gawdin.
1:19 of 3rd period - Stopped by Dustin Tokarski with a rebound.
2:23 of 3rd period - Glenn Gawdin is hit by Filip Hallander and loses puck.
2:43 of 3rd period - Penalty to Tanner Laczynski is over, Tanner Laczynski is back on ice.
2:57 of 3rd period - Snap shot by Max Comtois.
2:57 of 3rd period - Stopped by Jakub Skarek with a rebound.
3:07 of 3rd period - Wrist shot by Luke Henman.
3:07 of 3rd period - Shot Blocked by Dylan Coghlan.
3:41 of 3rd period - Jesse Puljujarvi is hit by Max Comtois.
3:55 of 3rd period - Dylan Samberg is hit by Sean Monahan and loses puck.
4:08 of 3rd period - Brad Malone is hit by Filip Hallander and loses puck.
4:17 of 3rd period - Slapshot by Filip Hallander.
4:17 of 3rd period - Stopped by Jakub Skarek without a rebound.
4:18 of 3rd period - Austin Watson wins face-off versus Max Comtois in Toronto St Pats zone.
5:00 of 3rd period - Pierre-Olivier Joseph is hit by Ville Heinola and loses puck.
5:11 of 3rd period - Snap shot by Ville Heinola.
5:11 of 3rd period - Stopped by Jakub Skarek without a rebound.
5:12 of 3rd period - Luke Henman wins face-off versus Alex Chiasson in Toronto St Pats zone.
5:17 of 3rd period - Slapshot by Lucas Carlsson.
5:17 of 3rd period - Shot Misses the Net.
5:46 of 3rd period - Snap shot by Tanner Laczynski.
5:46 of 3rd period - Stopped by Jakub Skarek with a rebound.
6:16 of 3rd period - Wrist shot by Alex Chiasson.
6:16 of 3rd period - Shot Blocked by Lassi Thomson.
6:22 of 3rd period - Snap shot by Sean Monahan.
6:22 of 3rd period - Stopped by Jakub Skarek with a rebound.
6:46 of 3rd period - Icing by Liam Foudy.
6:47 of 3rd period - Jake Leschyshyn wins face-off versus Nicolas Deslauriers in Toronto St Pats zone.
6:52 of 3rd period - Wrist shot by Max Comtois.
6:52 of 3rd period - Stopped by Jakub Skarek with a rebound.
6:54 of 3rd period - Slapshot by Jon Merrill.
6:54 of 3rd period - Shot Blocked by Pierre-Olivier Joseph.
7:08 of 3rd period - Snap shot by Riley Barber.
7:08 of 3rd period - Shot Misses the Net.
7:10 of 3rd period - Snap shot by Tanner Laczynski.
7:10 of 3rd period - Goal by Tanner Laczynski - Newfoundland Shamrocks : 4 - Toronto St Pats : 6.
7:11 of 3rd period - Sean Monahan wins face-off versus Quinton Byfield in neutral zone.
7:20 of 3rd period - Wrist shot by Sean Monahan.
7:20 of 3rd period - Deflect By Alex Chiasson.
7:20 of 3rd period - Shot Misses the Net.
7:20 of 3rd period - Puck is out of play.
7:21 of 3rd period - 10 Minutes Misconduct Penalty to Ivan Lodnia is over.
7:21 of 3rd period - Austin Watson wins face-off versus Sean Monahan in Toronto St Pats zone.
7:28 of 3rd period - Snap shot by Jesse Puljujarvi.
7:28 of 3rd period - Stopped by Dustin Tokarski with a rebound.
8:11 of 3rd period - Wrist shot by Denis Gurianov.
8:11 of 3rd period - Stopped by Jakub Skarek with a rebound.
8:13 of 3rd period - Slapshot by Jon Merrill.
8:13 of 3rd period - Stopped by Jakub Skarek without a rebound.
8:14 of 3rd period - Glenn Gawdin wins face-off versus Raphael Lavoie in Toronto St Pats zone.
8:14 of 3rd period - Glenn Gawdin is hit by Nicolas Deslauriers.
8:17 of 3rd period - Major / Game Misconduct Penalty to Glenn Gawdin for Attempt to injure.
8:17 of 3rd period - Glenn Gawdin is ejected from game.
8:18 of 3rd period - Jake Leschyshyn wins face-off versus Max Comtois in Toronto St Pats zone.
8:30 of 3rd period - Dylan Samberg is hit by Raphael Lavoie and loses puck.
9:37 of 3rd period - Icing by Jacob Bernard-Docker.
9:38 of 3rd period - Brad Malone wins face-off versus Semyon Der-Arguchintsev in Newfoundland Shamrocks zone.
11:48 of 3rd period - Pierre-Olivier Joseph is hit by Alex Chiasson and loses puck.
13:17 of 3rd period - Penalty to Glenn Gawdin is over, Jesse Puljujarvi is send on ice.
14:15 of 3rd period - Nicolas Deslauriers is hit by Pierre-Olivier Joseph and loses puck.
14:37 of 3rd period - Jon Merrill is hit by Quinton Byfield and loses puck.
15:51 of 3rd period - Alex Chiasson is hit by Lucas Carlsson and loses puck.
16:08 of 3rd period - Minor Penalty to Jacob Bernard-Docker for Roughing.
16:09 of 3rd period - Sean Monahan wins face-off versus Quinton Byfield in Newfoundland Shamrocks zone.
16:59 of 3rd period - Brad Malone is hit by Alec Regula and loses puck.
17:57 of 3rd period - Quinton Byfield is hit by Alec Regula and loses puck.
18:08 of 3rd period - Penalty to Jacob Bernard-Docker is over, Jacob Bernard-Docker is back on ice.
18:46 of 3rd period - Icing by Denis Gurianov.
18:47 of 3rd period - Raphael Lavoie wins face-off versus Liam Foudy in Newfoundland Shamrocks zone.
18:47 of 3rd period - Raphael Lavoie is hit by Austin Watson.
19:59 of 3rd period - Minor Penalty to Lassi Thomson for Holding.
Goals for this period are 1 for Newfoundland Shamrocks vs 0 for Toronto St Pats.
Shots for this period are 9 for Newfoundland Shamrocks vs 3 for Toronto St Pats.
Back to the Top